Map: Triton LE

Players

Clem

  • Race: Terran Terran
  • Spawn Location: 5:00

Scarlett - Winner!

  • Race: Zerg Zerg
  • Spawn Location: 11:00

VOD

Have the link to the VOD?

Description

Time

  • Played on: Sept. 6, 2019, 8:28 p.m.
  • Length: 7:32
Show
View Real Time Build Order
Export as new Build Order

Clem Terran 

Build Orders: Gas First Reaper Expand, Liberator Opening 

Get SALT Encoding   

  12  0:00  SCV  
  13  0:13  SCV  
  14  0:17  Supply Depot  
  14  0:25  SCV  
  15  0:30  Refinery  
  15  0:38  SCV  
  16  0:43  Barracks  
  16  0:50  SCV  
  17  1:03  SCV  
  18  1:15  SCV  
  19  1:29  Orbital Command  
  19  1:30  Reaper  
  20  1:41  Command Center  
  20  1:52  Factory  
  20  1:55  SCV  
  21  2:07  SCV  
  21  2:08  Barracks Reactor  
  22  2:11  Supply Depot  
  22  2:15  Refinery  
  22  2:19  SCV  
  23  2:33  SCV  
  24  2:42  Starport  
  24  2:45  SCV  
  24  2:47  Hellion  
  24  2:48  Hellion  
  29  2:53  Orbital Command  
  29  2:57  Marine, SCV  
  31  3:03  Liberator  
  31  3:09  Hellion x2  
  31  3:10  SCV  
  36  3:22  SCV  
  36  3:25  SCV  
  36  3:26  Barracks Tech Lab  
  41  3:33  Supply Depot  
  41  3:34  SCV  
  41  3:37  SCV  
  41  3:40  Hellion  
  45  3:46  Stimpack  
  45  3:47  SCV  
  46  3:54  SCV  
  46  3:55  Supply Depot, Hellion  
  49  3:59  SCV  
  50  4:05  Marine  
  50  4:07  SCV  
  52  4:10  Starport Reactor  
  52  4:12  SCV, Supply Depot  
  53  4:19  SCV  
  53  4:21  Command Center  
  54  4:26  SCV  
  55  4:31  Barracks  
  55  4:35  Barracks  
  55  4:36  Factory Tech Lab, Supply Depot  
  55  4:37  Marine  
  56  4:45  Engineering Bay  
  56  4:46  Engineering Bay  
  56  4:49  SCV  
  56  4:52  SCV  
  58  4:54  Marine  
  58  4:59  Starport Reactor  
  56  5:01  SCV  
  57  5:07  Siege Tank, Supply Depot  
  57  5:09  SCV  
  57  5:14  SCV, Terran Infantry Armor Level 1, Terran Infantry Weapons Level 1  
  62  5:15  Marine  
  62  5:18  Refinery  
  62  5:20  Marine, Refinery  
  64  5:21  Marine  
  64  5:24  SCV  
  64  5:28  Combat Shield  
  66  5:33  Orbital Command  
  66  5:35  Marine x2  
  68  5:36  SCV  
  68  5:37  Marine  
  68  5:41  Marine x2, Medivac  
  74  5:43  SCV  
  73  5:51  SCV  
  73  5:52  Marine x2  
  73  5:53  Medivac  
  73  5:55  SCV  
  79  5:57  Marine  
  79  6:02  Orbital Command  
  79  6:03  SCV  
  81  6:07  Armory  
  81  6:09  Barracks, SCV, Supply Depot  
  82  6:11  Barracks  
  82  6:13  Marine x2  
  82  6:15  SCV  
  85  6:18  Supply Depot  
  85  6:21  SCV  
  85  6:22  Marine, Medivac  
  85  6:25  Marine  
  90  6:27  SCV  
  92  6:33  SCV  
  92  6:37  Marine  
  92  6:39  Siege Tank, SCV  
  97  6:42  Marine x2  
  97  6:43  Marine x2  
  97  6:45  Medivac  
  100  6:52  Bunker  
  94  6:54  Marine  
  94  7:00  Marine  
  83  7:01  Barracks Reactor  
  83  7:02  Marine x2  
  83  7:03  Barracks Tech Lab x2  
  83  7:06  Marauder  
  87  7:12  Marine  
  87  7:14  Supply Depot  
Show
View Real Time Build Order
Export as new Build Order

Scarlett Zerg - Winner!

Build Orders: Hatch First 

Get SALT Encoding   

  12  0:00  Drone  
  13  0:12  Overlord  
  13  0:16  Drone  
  14  0:30  Drone x2  
  16  0:48  Hatchery  
  15  0:51  Drone  
  15  0:55  Drone  
  17  0:57  Drone  
  18  1:10  Extractor  
  17  1:13  Spawning Pool  
  17  1:16  Drone  
  17  1:19  Drone  
  18  1:27  Drone  
  19  1:39  Drone  
  20  1:50  Overlord  
  20  1:59  Queen  
  20  2:00  Queen, Zergling x2  
  20  2:01  Zergling x2  
  26  2:11  Metabolic Boost, Drone x2  
  28  2:21  Drone  
  29  2:31  Overlord  
  29  2:35  Queen  
  31  2:38  Drone x2  
  33  2:45  Pneumatized Carapace  
  33  2:46  Drone x2  
  35  3:04  Overlord, Drone  
  35  3:05  Drone x2  
  38  3:09  Drone  
  38  3:10  Drone x2  
  41  3:17  Hatchery  
  40  3:24  Drone x2  
  42  3:28  Queen  
  42  3:30  Zergling x2  
  42  3:31  Zergling x2  
  46  3:35  Queen  
  48  3:42  Drone x2  
  50  3:52  Overlord, Drone  
  50  3:53  Drone  
  50  3:55  Overlord  
  52  4:07  Roach Warren  
  52  4:08  Queen, Extractor x2  
  51  4:10  Drone x4  
  51  4:14  Lair  
  55  4:17  Evolution Chamber, Drone  
  55  4:24  Drone x2  
  57  4:28  Drone  
  58  4:31  Drone  
  60  4:38  Drone x6  
  60  4:45  Drone x2  
  63  4:54  Zerg Ground Armor Level 1  
  63  5:00  Drone  
  63  5:02  Roach x5  
  63  5:04  Overlord  
  73  5:07  Overlord, Extractor  
  73  5:09  Extractor  
  71  5:14  Overlord, Drone  
  71  5:15  Drone  
  71  5:17  Glial Reconstitution  
  73  5:24  Drone x7  
  73  5:26  Overlord  
  80  5:32  Queen  
  82  5:39  Roach x4  
  90  5:45  Roach x2  
  90  5:46  Roach x2  
  98  5:50  Overlord x2  
  104  5:57  Roach x3  
  104  6:03  Overlord  
  104  6:05  Overseer  
  104  6:10  Roach  
  104  6:11  Roach x5  
  116  6:13  Ravager x3  
  116  6:17  Overlord x2  
  119  6:19  Roach  
  119  6:24  Roach x3  
  127  6:29  Roach  
  127  6:31  Overlord x2  
  129  6:49  Ravager  
  129  6:50  Ravager x4  
  134  6:55  Drone x3  
  134  6:56  Drone x4  
  135  7:01  Ravager  
  135  7:02  Ravager, Drone, Overlord  
  135  7:03  Drone x7  
  135  7:06  Extractor  
  143  7:15  Drone x2  
  143  7:21  Hatchery  
Tags
 
Add a new tag
Caveats
  • Supply blocks, unpowered buildings, or Contaminate may cause inaccurate times.
  • Supply counts are checked every 10 seconds.